 Dungeon Crawl Stone Soup version 0.25.1-2-g60ff931df9 (webtiles) character file.

Game seed: 16220518524742893199

73726 gruber the Devastator (level 15, -5/84 HPs)
             Began as a Gargoyle Ice Elementalist on Nov 22, 2020.
             Was the Champion of Vehumet.
             Killed from afar by an ogre mage (26 damage)
             ... with a bolt of cold
             ... on level 2 of the Orcish Mines.
             The game lasted 00:41:51 (23301 turns).

gruber the Devastator (Gargoyle Ice Elementalist)  Turns: 23301, Time: 00:41:52

Health: -5/84      AC: 26    Str: 18    XL:     15   Next: 44%
Magic:  10/27      EV: 11    Int: 22    God:    Vehumet [******]
Gold:   1627       SH:  5    Dex: 10    Spells: 0/30 levels left

rFire    . . .     SeeInvis .   B - +2 broad axe (vorpal)
rCold    . . .     Gourm    .   T - +0 buckler {AC+3}
rNeg     + . .     Faith    .   Q - +0 troll leather armour
rPois    ∞         Spirit   .   G - +2 helmet
rElec    +         Reflect  .   t - +0 cloak
rCorr    .         Harm     .   (no gloves)
MR       ++...                  h - +1 pair of boots
Stlth    ++........             k - amulet of magic regeneration
HPRegen  0.64/turn              y - ring of protection from magic
MPRegen  0.45/turn              Z - +6 ring of strength

@: frozen ramparts
A: big wings, negative energy resistance 1, electricity resistance, unbreathing,
petrification resistance, rot immunity, AC +11
a: Fly, Renounce Religion


You were on level 2 of the Orcish Mines.
You worshipped Vehumet.
Vehumet was exalted by your worship.
You were very hungry.

You visited 4 branches of the dungeon, and saw 23 of its levels.

You collected 1873 gold pieces.
You spent 246 gold pieces at shops.

Inventory:

Hand Weapons
 B - a +2 vorpal broad axe (weapon)
 U - a +5 demon whip of draining
Armour
 h - a +1 pair of boots (worn)
 t - a +0 cloak (worn)
 G - a +2 helmet (worn)
 Q - a +0 troll leather armour (worn)
 T - a +0 buckler of protection (worn)
Magical Staves
 q - an uncursed staff of conjuration
Jewellery
 d - an uncursed ring of ice
 k - an amulet of magic regeneration (around neck)
 n - an uncursed ring of fire
 y - a ring of protection from magic (left hand)
 C - an uncursed ring of see invisible
 Z - a +6 ring of strength (right hand)
Wands
 b - a wand of flame (15)
 x - a wand of random effects (19)
 D - a wand of polymorph (39)
 E - a wand of disintegration (33)
 L - a wand of paralysis (16)
 M - a wand of acid (43)
 P - a wand of iceblast (14)
 R - a wand of enslavement (8)
Scrolls
 a - 2 scrolls of holy word
 e - 8 scrolls of teleportation
 f - 3 scrolls of enchant armour
 i - a scroll of fog {unknown}
 j - a scroll of identify
 p - 12 scrolls of remove curse
 H - 4 scrolls of blinking
 I - a scroll of immolation {unknown}
 J - 6 scrolls of amnesia
 K - 2 scrolls of torment
 O - a scroll of magic mapping {unknown}
 V - 2 scrolls of enchant weapon {unknown}
 W - a scroll of acquirement {unknown}
 X - a scroll of brand weapon
Potions
 g - 3 potions of invisibility
 l - 7 potions of curing
 m - 2 potions of haste
 o - 4 potions of flight
 r - 4 potions of ambrosia
 s - 6 potions of brilliance
 v - a potion of resistance
 w - 3 potions of cancellation
 z - 3 potions of heal wounds
 A - 3 potions of stabbing
 F - 6 potions of might
 N - 2 potions of magic
 S - 2 potions of lignification
Comestibles
 c - 29 rations
 u - 4 chunks of flesh


   Skills:
 - Level 5.9 Fighting
 - Level 10.0 Axes
 - Level 0.4(6.8) Maces & Flails
 - Level 8.1 Armour
 - Level 1.5 Dodging
 - Level 2.1 Stealth
 - Level 5.2 Shields
 - Level 8.1 Spellcasting
 - Level 15.1 Conjurations
 - Level 2.1 Summonings
 - Level 8.1 Ice Magic
 - Level 3.0 Air Magic
 * Level 13.5 Earth Magic
 - Level 5.4 Poison Magic


You couldn't memorise any spells.
You knew the following spells:

 Your Spells              Type           Power        Failure   Level  Hunger
a - Freeze                Ice            ####         1%          1    None
b - Frozen Ramparts       Ice            #####.       1%          3    None
c - Hailstorm             Conj/Ice       ######..     1%          4    ###....
d - Summon Ice Beast      Ice/Summ       ####....     11%         4    ###....
e - Stone Arrow           Conj/Erth      ######       1%          3    None
f - Mephitic Cloud        Conj/Pois/Air  #####...     1%          3    None
g - Iron Shot             Conj/Erth      ######....   1%          6    ######.
h - Freezing Cloud        Conj/Ice/Air   #####.....   10%         6    ######.

Your spell library contained the following spells:

 Spells                   Type           Power        Failure   Level  Hunger
 Magic Dart               Conj           ####         0%          1    None
 Foxfire                  Conj/Fire      ####         1%          1    None
 Shock                    Conj/Air       ####         1%          1    None
 Searing Ray              Conj           ######       1%          2    None
 Conjure Flame            Conj/Fire      #####...     1%          3    None
 Dazzling Flash           Conj/Hex       #####.       1%          3    None
 Static Discharge         Conj/Air       #####...     1%          3    None
 Fulminant Prism          Conj/Hex       #####.....   1%          4    ###....
 Iskenderun's Mystic Bla  Conj/Tloc      #####...     1%          4    ###....
 Sticky Flame             Conj/Fire      #####...     1%          4    ###....
 Lightning Bolt           Conj/Air       #####.....   1%          5    #####..
 Ensorcelled Hibernation  Hex/Ice        ####..       2%          2    None
 Summon Small Mammal      Summ           ###.         3%          1    None
 Fireball                 Conj/Fire      #####.....   3%          5    #####..
 Ozocubu's Armour         Chrm/Ice       ####....     4%          3    None
 Swiftness                Chrm/Air       ###.....     7%          2    None
 Inner Flame              Hex/Fire       #.......     7%          3    None
 Airstrike                Air            ###.......   7%          4    ###....
 Animate Skeleton         Necr           N/A          9%          1    None
 Apportation              Tloc           #.....       9%          1    None
 Beastly Appendage        Tmut           #.....       9%          1    None
 Corona                   Hex            #......      9%          1    None
 Pain                     Necr           #...         9%          1    None
 Spider Form              Tmut/Pois      ###.......   9%          3    None
 Sticks to Snakes         Tmut           #.......     13%         2    None
 Ice Form                 Ice/Tmut       ####....     16%         4    ###....
 Confusing Touch          Hex            #.......     26%         3    None
 Tukima's Dance           Hex            #.......     26%         3    None
 Vampiric Draining        Necr           #.........   26%         3    None
 Animate Dead             Necr           N/A          63%         4    ###....
 Agony                    Necr           #.......     93%         5    #####..
 Blade Hands              Tmut           #.........   93%         5    #####..


Dungeon Overview and Level Annotations

Branches:
Dungeon (14/15)            Temple (1/1) D:4            Lair (6/6) D:8
 Shoals (0/4) Lair:4        Snake (0/4) Lair:4        Slime (0/5) Lair:6
    Orc (2/2) D:9          Vaults (0/5) D:13
    Elf: Orc:2

Altars:
Ashenzari
Cheibriados
Dithmenos
Fedhas
Gozag
Kikubaaqudgha
Makhleb
Nemelex Xobeh
Okawaru
Qazlal
Trog
Uskayaw
Vehumet
Xom
Zin
The Shining One

Shops:
D:8 ?   D:12 ?   Orc:1 [

Portals:
Abyss: Lair:5

Annotations:
Lair:1 1 runed translucent door, Gofet's ghost, journeyman GnWr
Lair:3 1 runed translucent door
Lair:5 2 transporters, t4s4d4r's ghost, journeyman TeAE


Innate Abilities, Weirdness & Mutations

You are resistant to torment.
Your stone body is resilient. (AC +11)
You are immune to poison.
Your large and strong wings let you fly indefinitely.
You resist negative energy. (rN+)
You are resistant to electric shocks. (rElec)
You can survive without breathing.
You are immune to petrification.
You are immune to rotting.


Message History

Casting: Iron Shot (dangerous; 1% risk of failure)
Confirm with . or Enter, or press ? or * to list all spells.
The walls around you are covered in ice.
The wall freezes the two-headed ogre!
Unknown command.
Unknown command.
You are too injured to fight recklessly!
Unknown command.
Unknown command.
You slash the two-headed ogre!
The two-headed ogre is heavily wounded.
The wall freezes the two-headed ogre.
The two-headed ogre hits you with a +0 giant spiked club!
* * * LOW HITPOINT WARNING * * *
The two-headed ogre barely misses you.
Unknown command.
Unknown command.
The ogre mage gestures at you while chanting.
The bolt of cold hits you!!
You die...

#...###.. ... #.......
.^.. #....). .....
###)O##§.....
##)#§#§.... #.
###))○.§O..........
...#..O☼#.#....#......
#......).##.#.#........
##.....@##..............
#......$...............
....#...................
...#......#.............
..###...................
.. #...................
##..................
#$............<.....
..............[.....$


You could see a two-headed ogre, an ogre mage and an ogre.

Vanquished Creatures
  Rupert (Orc:2)
  Gastronok (Lair:2)
  An ironheart preserver (D:13)
  Azrael (D:12)
  Snorg (Orc:1)
  An ettin (Orc:2)
  A great orb of eyes (D:13)
  Erolcha (D:12)
  A merfolk avatar (Lair:6)
  2 hydras
  2 ogre magi (Orc:2)
  A death knight (D:9)
  13 two-headed ogres
  6 death yaks (Lair:6)
  A tengu warrior (D:13)
  Urug (Lair:2)
  Sonja (Lair:4)
  A sea snake (Lair:6)
  An unseen horror (D:9)
  An orc knight (Orc:1)
  2 harpies (Lair:6)
  Pikel (D:6)
  3 cyclopes
  4 manticores
  2 ugly things (D:11)
  2 elephants (Lair:6)
  5 black mambas
  Maurice (Orc:1)
  7 spiny frogs
  5 centaur skeletons
  A gargoyle (D:13)
  A komodo dragon (shapeshifter) (D:14)
  10 komodo dragons
  6 rime drakes
  3 polar bears (Lair:6)
  2 tengu conjurers
  6 trolls
  5 nameless horrors
  A hornet (D:12)
  13 blink frogs
  2 wind drakes (Lair:6)
  12 hippogriffs
  A centaur simulacrum (D:14)
  4 wyverns
  A water elemental (D:11)
  31 yaks
  3 fire elementals (D:12)
  3 basilisks
  3 wraiths
  A steam dragon (Lair:2)
  2 nagas (Lair:4)
  2 acid dragons (D:14)
  A warg (Orc:1)
  15 water moccasins
  4 hell hounds (D:12)
  6 porcupines
  3 sky beasts
  10 orc warriors
  2 black bears (D:8)
  2 ice beasts
  3 phantoms
  3 slaves (D:6)
  An eye of draining (D:13)
  22 ogres
  3 wolves (Lair:6)
  17 centaurs
  14 crocodiles
  4 big kobolds
  18 bullfrogs
  A water moccasin zombie (D:8)
  A wyvern skeleton (D:13)
  3 scorpions
  24 killer bees
  5 wights
  6 howler monkeys
  7 electric eels
  6 crimson imps
  4 centaur zombies
  2 bullfrog zombies
  4 hounds
  A jelly (D:14)
  Crazy Yiuf (D:5)
  5 orc priests
  A gnoll shaman (D:5)
  21 orc wizards
  3 bullfrog skeletons
  Jessica (D:3)
  An iguana (D:8)
  18 worker ants
  A hound zombie (D:9)
  A hound skeleton (D:8)
  11 gnolls
  15 adders
  6 shadow imps
  2 oozes
  An adder zombie (D:5)
  3 adder skeletons
  A worm (D:2)
  2 dart slugs (D:1)
  5 leopard geckos
  78 orcs
  3 ball pythons
  6 giant cockroaches
  12 goblins
  11 hobgoblins
  12 jackals
  3 quokkas
  10 bats
  5 frilled lizards
  A giant cockroach zombie (D:5)
  A jackal skeleton (D:4)
  24 kobolds
  10 rats
  A fungus (Lair:1)
  2 plants (Lair:6)
654 creatures vanquished.

Vanquished Creatures (collateral kills)
  A cyclops (D:14)
  A spiny frog (Lair:6)
  A queen bee (shapeshifter) (D:13)
  A polar bear (Lair:6)
  A nameless horror (D:13)
  Grinder (D:5)
  Sigmund (D:6)
  A wyvern (Lair:6)
  A crocodile (Lair:6)
  A hound (D:13)
  A jelly (D:6)
  An orc wizard (D:13)
  A worker ant (D:13)
13 creatures vanquished.

Vanquished Creatures (others)
  An orc wizard (D:11)
  15 fungi
  12 plants
  7 toadstools (Lair:3)
35 creatures vanquished.

Grand Total: 702 creatures vanquished

Notes
Turn   | Place    | Note
-------+----------+-------------------------------------------
     0 | D:1      | gruber the Gargoyle Ice Elementalist began the quest for
                  | the Orb.
     0 | D:1      | Reached XP level 1. HP: 10/10 MP: 3/3
    38 | D:1      | Reached XP level 2. HP: 7/15 MP: 0/5
   502 | D:1      | Reached XP level 3. HP: 19/19 MP: 6/6
   637 | D:1      | Reached skill level 5 in Ice Magic
   753 | D:1      | Learned a level 3 spell: Frozen Ramparts
  1541 | D:2      | Reached XP level 4. HP: 24/24 MP: 7/7
  1754 | D:3      | Found a shadowy altar of Dithmenos.
  1754 | D:3      | Found a hide-covered altar of Uskayaw.
  1758 | D:3      | Noticed a bullfrog
  1765 | D:3      | Killed a bullfrog
  1765 | D:3      | Reached XP level 5. HP: 28/28 MP: 4/8
  1843 | D:3      | Reached XP level 6. HP: 10/32 MP: 7/9
  2222 | D:3      | Found an opulent altar of Gozag.
  2985 | D:3      | Found a sparkling altar of Nemelex Xobeh.
  2985 | D:3      | Noticed Jessica
  2989 | D:3      | Killed Jessica
  3264 | D:4      | Found a glowing silver altar of Zin.
  3266 | D:4      | Found a shimmering altar of Xom.
  3266 | D:4      | Noticed an angel
  3360 | D:4      | Found a staircase to the Ecumenical Temple.
  3507 | D:4      | Reached XP level 7. HP: 32/36 MP: 6/10
  3935 | D:5      | Entered Level 5 of the Dungeon
  4003 | D:5      | Noticed Grinder
  4005 | D:5      | Reached skill level 1 in Fighting
  4025 | D:4      | Learned a level 4 spell: Hailstorm
  4030 | D:4      | Learned a level 4 spell: Summon Ice Beast
  4060 | D:5      | Killed Grinder
  4060 | D:5      | Reached XP level 8. HP: 39/46 MP: 10/14
  4129 | D:5      | Reached skill level 1 in Summonings
  4238 | D:5      | Reached skill level 1 in Conjurations
  4347 | D:5      | Found an iron altar of Okawaru.
  4488 | D:5      | Found a runed translucent door.
  4489 | D:5      | Noticed Crazy Yiuf
  4616 | D:5      | Reached skill level 3 in Conjurations
  4912 | D:5      | Killed Crazy Yiuf
  5022 | D:6      | Reached skill level 4 in Conjurations
  5033 | D:6      | Reached skill level 1 in Axes
  5036 | D:6      | Noticed Sigmund
  5167 | D:6      | Found a blossoming altar of Fedhas.
  5343 | D:6      | Noticed Pikel
  5377 | D:6      | Killed Pikel
  5377 | D:6      | Reached skill level 5 in Axes
  5377 | D:6      | Reached XP level 9. HP: 51/51 MP: 12/15
  5518 | D:6      | Killed Sigmund
  5843 | Temple   | Entered the Ecumenical Temple
  5862 | Temple   | Became a worshipper of Vehumet
  6247 | D:6      | Found a stormy altar of Qazlal.
  7062 | D:7      | Reached XP level 10. HP: 53/56 MP: 16/16
  7081 | D:7      | Reached * piety under Vehumet
  7081 | D:7      | Offered knowledge of Sandblast by Vehumet.
  7508 | D:8      | Found Sesm's Magic Scroll Shoppe.
  7522 | D:8      | Bought a scroll of identify for 22 gold pieces
  7522 | D:8      | Bought a scroll of blinking for 82 gold pieces
  7522 | D:8      | Bought a scroll of identify for 22 gold pieces
  7522 | D:8      | Bought a scroll of identify for 22 gold pieces
  7522 | D:8      | Bought a scroll of identify for 22 gold pieces
  7522 | D:8      | Bought a scroll of identify for 22 gold pieces
  7535 | D:8      | Found a bloodstained altar of Trog.
  7572 | D:8      | Reached skill level 10 in Axes
  7710 | D:8      | Reached ** piety under Vehumet
  7722 | D:8      | Offered knowledge of Magic Dart by Vehumet.
  7722 | D:8      | Reached skill level 1 in Armour
  8338 | D:8      | Found a staircase to the Lair.
  8834 | D:9      | Reached skill level 5 in Armour
  9541 | D:9      | Offered knowledge of Stone Arrow by Vehumet.
  9548 | D:9      | Noticed a death knight
  9582 | D:9      | Killed a death knight
  9582 | D:9      | Reached XP level 11. HP: 44/60 MP: 9/17
  9656 | D:8      | Learned a level 3 spell: Stone Arrow
  9831 | D:9      | Found a staircase to the Orcish Mines.
 10087 | D:9      | Reached skill level 1 in Earth Magic
 10533 | D:9      | Reached *** piety under Vehumet
 10550 | D:9      | Killed an unseen horror
 10550 | D:9      | Reached skill level 5 in Earth Magic
 10782 | D:10     | Entered Level 10 of the Dungeon
 11081 | D:10     | Noticed a two-headed ogre
 11087 | D:10     | Offered knowledge of Iskenderun's Mystic Blast by Vehumet.
 11090 | D:10     | Killed a two-headed ogre
 11643 | D:11     | Noticed a brown ugly thing
 11658 | D:11     | Killed a brown ugly thing
 11686 | D:11     | Reached **** piety under Vehumet
 11906 | D:11     | Noticed a green ugly thing
 11928 | D:11     | Killed a brown ugly thing
 11928 | D:11     | Reached skill level 5 in Conjurations
 12054 | D:11     | Noticed a manticore
 12063 | D:11     | Killed a manticore
 12063 | D:11     | Reached skill level 6 in Conjurations
 12317 | D:11     | Offered knowledge of Mephitic Cloud by Vehumet.
 12322 | D:11     | Learned a level 3 spell: Mephitic Cloud
 12373 | D:11     | Reached skill level 7 in Conjurations
 12462 | D:11     | Noticed a two-headed ogre
 12472 | D:11     | Killed a two-headed ogre
 12490 | D:11     | Reached skill level 8 in Conjurations
 12493 | D:11     | Reached XP level 12. HP: 57/64 MP: 18/18
 13147 | D:12     | Noticed Erolcha
 13173 | D:12     | Reached skill level 9 in Conjurations
 13248 | D:12     | Killed Erolcha
 13248 | D:12     | Reached skill level 1 in Air Magic
 13248 | D:12     | Reached skill level 1 in Poison Magic
 13407 | D:12     | Noticed Azrael
 13425 | D:12     | Killed Azrael
 13693 | D:12     | Found Astul's Magic Scroll Shop.
 13696 | D:12     | Bought a scroll of teleportation for 54 gold pieces
 13980 | D:13     | Noticed a great orb of eyes
 13991 | D:13     | Killed a great orb of eyes
 13991 | D:13     | Reached skill level 5 in Poison Magic
 14064 | D:13     | Noticed a tengu warrior
 14105 | D:13     | Killed a tengu warrior
 14137 | D:13     | Reached skill level 5 in Fighting
 14226 | D:13     | Reached skill level 1 in Shields
 14226 | D:13     | Reached ***** piety under Vehumet
 14286 | D:13     | Found a gate to the Vaults.
 14375 | D:13     | Noticed an ironheart preserver
 14404 | D:13     | Killed an ironheart preserver
 14697 | D:13     | Reached skill level 5 in Shields
 14765 | D:14     | Offered knowledge of Iron Shot by Vehumet.
 14765 | D:14     | Reached XP level 13. HP: 73/74 MP: 19/19
 14974 | D:14     | Reached skill level 5 in Spellcasting
 15295 | D:14     | Learned a level 6 spell: Iron Shot
 15974 | Lair:1   | Entered Level 1 of the Lair of Beasts
 16031 | Lair:1   | Found a runed translucent door.
 16416 | Lair:1   | Identified the +7 spear of Wuagawn {pain, *Corrode rElec
                  | Str+6}
 16416 | Lair:1   | Noticed Gofet's ghost (journeyman GnWr)
 17185 | Lair:2   | Noticed Urug
 17199 | Lair:2   | Killed Urug
 17262 | Lair:2   | Noticed Gastronok
 17299 | Lair:2   | Killed Gastronok
 17942 | Lair:3   | Reached skill level 10 in Earth Magic
 18387 | Lair:3   | Noticed a dire elephant
 18410 | Lair:3   | Found a runed translucent door.
 18666 | Lair:4   | Noticed Sonja
 18696 | Lair:4   | Killed Sonja
 18961 | Lair:4   | Found a staircase to the Snake Pit.
 19243 | Lair:4   | Found a staircase to the Shoals.
 19359 | Lair:4   | Reached skill level 10 in Conjurations
 19600 | Lair:5   | Gained mutation: Your large and strong wings let you fly
                  | indefinitely. [Gargoyle growth]
 19600 | Lair:5   | Reached XP level 14. HP: 76/79 MP: 26/26
 19624 | Lair:5   | Found a transporter.
 19644 | Lair:5   | Found a transporter.
 19706 | Lair:5   | Found a one-way gate to the infinite horrors of the Abyss.
 19706 | Lair:5   | Noticed t4s4d4r's ghost (journeyman TeAE)
 20257 | Lair:5   | Reached skill level 11 in Conjurations
 20498 | Lair:6   | Entered Level 6 of the Lair of Beasts
 20536 | Lair:6   | Found a staircase to the Slime Pits.
 20739 | Lair:6   | Offered knowledge of Freezing Cloud by Vehumet.
 20746 | Lair:6   | Reached skill level 12 in Conjurations
 21012 | Lair:6   | Reached skill level 13 in Conjurations
 21354 | Lair:6   | Reached skill level 14 in Conjurations
 22092 | Orc:1    | Entered Level 1 of the Orcish Mines
 22165 | Orc:1    | Found Jasyhe's Armour Shoppe.
 22541 | Orc:1    | You fall into a shaft and drop 1 floor!
 22541 | Orc:2    | Entered Level 2 of the Orcish Mines
 22555 | Orc:2    | Reached XP level 15. HP: 61/84 MP: 11/27
 22558 | Orc:1    | Reached skill level 15 in Conjurations
 22691 | Orc:1    | Learned a level 6 spell: Freezing Cloud
 22915 | Orc:2    | Noticed Maurice
 23045 | Orc:2    | Noticed Rupert
 23124 | Orc:2    | Noticed Snorg
 23139 | Orc:1    | Killed Snorg
 23210 | Orc:1    | Killed Maurice
 23276 | Orc:2    | Reached ****** piety under Vehumet
 23295 | Orc:2    | Killed Rupert
 23301 | Orc:2    | Killed from afar by an ogre mage

Illustrated notes

Levels and vault maps discovered:
D:1:      dpeg_arrival_rhombi, layout_rooms
D:2:      layout_basic, columned_hall_lemuel
D:3:      layout_loops_ring, lemuel_crystal_altar,
          chequers_temple_overflow_statue_of_worship, chequers_big_river,
          nemelex_lonely_heart_becter
D:4:      layout_loops_ring, grunt_temple_overflow_order_and_chaos_1,
          minmay_temple_entry_trees, first_ration
D:5:      layout_loops_ring, okawaru_metal_pillars_3, hangedman_decor_riveting,
          kennysheep_generic_room_7, uniq_crazy_yiuf_cottage, uniq_grinder
D:6:      layout_cave_pods, overflow_temple_1_default, basic_altar,
          uniq_sigmund, uniq_pikel
D:7:      layout_basic, enter_bailey_3
D:8:      layout_loops_corners, nicolae_overflow_crystal_walls,
          grunt_lair_entry_orc_guard_hut, serial_shops, nicolae_shop_crystal,
          grunt_ogre_cave
D:9:      layout_grid_maze, orc_0_dummy
D:10:     layout_basic, kennysheep_generic_room_5
D:11:     layout_basic, kennysheep_boxes
D:12:     layout_irregular_city, serial_shops, kennysheep_mini_moat,
          uniq_azrael, uniq_erolcha
D:13:     layout_roguey, skrybe_vaults_entry_preservation,
          minmay_fractal_squares_gapless_5
D:14:     layout_roguey, minmay_misc_feat_diagonals, serial_park_tiny_2,
          chequers_serial_rivers_micro_c
Temple:   eino_temple_water
Lair:1:   layout_gridlike, ebering_ghost_funeral_grove, serial_bayou_shore_a
Lair:2:   layout_gridlike, uniq_gastronok, uniq_urug
Lair:3:   gammafunk_lair_enchanted_lake, layout_misc_corridors
Lair:4:   layout_long_grid, elwin_shoals_entry_rooms,
          guppyfry_snake_entry_garden, minivault_25,
          nicolae_lair_grove_arrangements, chequers_serial_rivers_small_3,
          uniq_sonja
Lair:5:   layout_layer_cave, gammafunk_ghost_abyssal_escape
Lair:6:   gammafunk_lair_ancient_temple, layout_long_grid, slime_dummy,
          nicolae_quartered_pool_medium
Orc:1:    layout_diamond_mine, serial_shops, shop
Orc:2:    st_orc_ogre_mass, layout_caves, basic_altar, uniq_rupert, uniq_snorg,
          uniq_maurice

Skill      XL: |  1  2  3  4  5  6  7  8  9 10 11 12 13 14 15 |
---------------+----------------------------------------------+-----
Ice Magic      | 5 6 7 8 |  8.1
Spellcasting   | 4 8 |  8.1
Fighting       | 3 5 |  5.9
Summonings     | 2 |  2.1
Conjurations   | 4 8 9 10 14 15 | 15.1
Axes           | 5 8 10 | 10.0
Armour         | 8 |  8.1
Earth Magic    | 8 11 13 | 13.5
Air Magic      | 3 |  3.0
Poison Magic   | 5 |  5.4
Shields        | 5 |  5.2
Maces & Flails | |  0.4
Dodging        | |  1.5
Stealth        | |  2.1

Action                   |  1- 3 |  4- 6 |  7- 9 | 10-12 | 13-15 || total
-------------------------+-------+-------+-------+-------+-------++-------
Melee: Unarmed           |    28 |       |       |       |       ||    28
       Dagger            |    76 |   105 |   128 |       |       ||   309
       Broad axe         |       |       |   101 |   537 |   521 ||  1159
 Cast: Freeze            |    13 |       |       |     5 |       ||    18
       Frozen Ramparts   |     2 |    14 |    33 |    52 |    97 ||   198
       Summon Ice Beast  |       |       |     4 |    25 |    19 ||    48
       Hailstorm         |       |       |       |    14 |    32 ||    46
       Mephitic Cloud    |       |       |       |     1 |     5 ||     6
       Stone Arrow       |       |       |       |       |    34 ||    34
       Iron Shot         |       |       |       |       |    21 ||    21
       Freezing Cloud    |       |       |       |       |     1 ||     1
  Use: Scroll            |       |       |    14 |     6 |     5 ||    25
       Potion            |       |       |       |     2 |     1 ||     3
 Stab: Sleeping          |     5 |     4 |     1 |     7 |       ||    17
       Distracted        |       |       |       |     1 |     1 ||     2
  Eat: Chunk             |     3 |     7 |    15 |    26 |    41 ||    92
       Ration            |       |       |       |     3 |       ||     3
Armor: Robe              |    59 |    50 |    93 |    59 |       ||   261
       Ring mail         |       |       |       |   149 |       ||   149
       Troll leather arm |       |       |       |   214 |   369 ||   583
Dodge: Dodged            |    95 |    61 |   151 |   391 |   339 ||  1037
Block: Buckler           |       |       |       |     4 |   154 ||   158
